 Dungeon Crawl Stone Soup version 0.28.0 (webtiles) character file.

Game seed: 16333329455539060432

46 dorian the Gusty (level 3, -4/19 HPs)
             Began as a Tengu Air Elementalist on Feb 11, 2022.
             Killed from afar by Crazy Yiuf (7 damage)
             ... with a puff of flame
             ... on level 2 of the Dungeon.
             The game lasted 00:02:59 (1797 turns).

dorian the Gusty (Tengu Air Elementalist)           Turns: 1797, Time: 00:03:00

Health: -4/19      AC:  2    Str:  8    XL:     3   Next: 66%
Magic:  2/7        EV: 12    Int: 17    God:
Gold:   52         SH:  0    Dex: 14    Spells: 0/6 levels left

rFire   . . .      SeeInvis .   (no weapon)
rCold   . . .      Faith    .   (no shield)
rNeg    . . .      Spirit   .   a - +0 robe
rPois   .          Reflect  .   (helmet restricted)
rElec   .          Harm     .   (no cloak)
rCorr   .          Rampage  .   (no gloves)
Will    .....                   (boots unavailable)
Stlth   ++........              (no amulet)
HPRegen 0.06/turn               (no ring)
MPRegen 0.10/turn               (no ring)

@: swift (expiring), very quick
A: beak, talons 3
a: no special abilities


You were on level 2 of the Dungeon.
You visited 1 branch of the dungeon, and saw 2 of its levels.

You collected 52 gold pieces.

Inventory:

Armour
 a - a +0 robe (worn)
Scrolls
 c - a scroll of magic mapping {unknown}
 d - a scroll of fear {unknown}
Potions
 b - a potion of lignification
 f - a potion of heal wounds {unknown}


   Skills:
 - Level 2.1 Dodging
 - Level 2.0 Stealth
 + Level 2.3 Spellcasting
 * Level 2.5 Conjurations
 * Level 5.2 Air Magic


You couldn't memorise any spells.
You knew the following spells:

 Your Spells              Type           Power      Damage    Failure   Level
a - Shock                 Conj/Air       60%        1d6       3%          1
b - Static Discharge      Conj/Air       15%        N/A       6%          2
c - Swiftness             Air            19%        N/A       7%          3

Your spell library contained the following spells:

 Spells                   Type           Power      Damage    Failure   Level
 Apportation              Tloc           4%         N/A       19%         1
 Airstrike                Air            9%         N/A       22%         4
 Ensorcelled Hibernation  Hex/Ice        4%         N/A       28%         2
 Passwall                 Tmut/Erth      1%         N/A       28%         2
 Alistair's Intoxication  Tmut/Pois      1%         N/A       99%         5


Dungeon Overview and Level Annotations

Branches:
Dungeon (2/15)

Altars:

Annotations:
D:2 Crazy Yiuf


Innate Abilities, Weirdness & Mutations

You have a beak for a mouth.
You have claws for feet.


Message History

Crazy Yiuf yells, "Prologue!
Snoogle snail seventy."
You continue memorising.
You finish memorising.
Spell assigned to 'c'.
Could not explore, unopened runed door.
Casting: Shock (safe; 3% risk of failure)
Confirm with . or Enter, or press ? or * to list all spells.
You can't see any susceptible monsters within range! (Use Z to cast anyway.)
Casting: Shock (safe; 3% risk of failure)
Confirm with . or Enter, or press ? or * to list all spells.
The spell is extremely dangerous to miscast (7% risk of failure)!
Continue anyway?
You feel quick.
You open the door.
Crazy Yiuf zaps a wand.
The puff of flame hits you!
Crazy Yiuf zaps a wand.
The puff of flame hits you!
* * * LOW HITPOINT WARNING * * *
Casting: Swiftness (extremely dangerous; 7% risk of failure)
Confirm with . or Enter, or press ? or * to list all spells.
Aiming: Shock (safe; 3% risk of failure)
Press: ? - help, Shift-Dir - straight line, f - Crazy Yiuf
Aim: Crazy Yiuf, wielding a +2 quarterstaff of chaos, wearing a +0 cloak and carrying a wand of flame (7) (75% to hit)
The zap hits Crazy Yiuf.
Crazy Yiuf is lightly wounded.
You start to feel a little slower.
Casting: Shock (safe; 3% risk of failure)
Confirm with . or Enter, or press ? or * to list all spells.
Aiming: Shock (safe; 3% risk of failure)
Press: ? - help, Shift-Dir - straight line, f/p - Crazy Yiuf
Aim: Crazy Yiuf, wielding a +2 quarterstaff of chaos, wearing a +0 cloak and carrying a wand of flame (7) (lightly wounded, 75% to hit)
The zap hits Crazy Yiuf.
Crazy Yiuf is moderately wounded.
Casting: Shock (safe; 3% risk of failure)
Confirm with . or Enter, or press ? or * to list all spells.
Aiming: Shock (safe; 3% risk of failure)
Press: ? - help, Shift-Dir - straight line, f/p - Crazy Yiuf
Aim: Crazy Yiuf, wielding a +2 quarterstaff of chaos, wearing a +0 cloak and carrying a wand of flame (7) (moderately wounded, 75% to hit)
The zap hits Crazy Yiuf.
Crazy Yiuf is heavily wounded.
Crazy Yiuf yells, "Mountain!"
Crazy Yiuf zaps a wand.
The puff of flame hits you!
You die...

♣g♣♣ ##.## #.##.
♣♣.♣ #..# #.##. ♣.♣♣
#†## #.##. ♣♣.♣ #.#
#.##. ♣♣.♣♣
#.#######.##. ♣♣.g.♣
#............ ♣....♣
#.#######.#.. #....#
### #...# ##.@##
##....
#...###########...##
##..................
#########.......###
#########


You could see Crazy Yiuf.

Vanquished Creatures
  A dart slug (D:1)
  A bat (D:1)
  4 endoplasms
  6 giant cockroaches (D:1)
  6 goblins
  4 hobgoblins
  2 quokkas (D:1)
  4 ball pythons (D:1)
  5 frilled lizards
  A kobold (D:2)
  6 rats
40 creatures vanquished.

Notes
Turn   | Place    | Note
-------+----------+-------------------------------------------
     0 | D:1      | dorian the Tengu Air Elementalist began the quest for the
                  | Orb.
     0 | D:1      | Reached XP level 1. HP: 10/10 MP: 4/4
   154 | D:1      | Reached XP level 2. HP: 10/15 MP: 1/6
   571 | D:1      | Reached skill level 5 in Air Magic
   571 | D:1      | Reached XP level 3. HP: 19/19 MP: 1/7
   812 | D:1      | Found a faded altar of an unknown god.
  1690 | D:2      | Found a runed translucent door.
  1691 | D:2      | Noticed Crazy Yiuf
  1781 | D:2      | Learned a level 2 spell: Static Discharge
  1785 | D:2      | Learned a level 3 spell: Swiftness
  1797 | D:2      | Killed from afar by Crazy Yiuf

Illustrated notes

Levels and vault maps discovered:
D:1:      lightli_arrival_farm, layout_rooms, ebering_ecumenical_altar_hall,
          minmay_octomino_c4
D:2:      layout_rooms, kennysheep_minor_cross, uniq_crazy_yiuf_cottage

Skill      XL: |  1  2 |
---------------+-------+-----
Conjurations   | 2 |  2.5
Air Magic      | 5 |  5.2
Dodging        | |  2.1
Stealth        | |  2.0
Spellcasting   | |  2.3

Action                   || total
-------------------------++-------
Melee: Unarmed           ||    11
       Peck              ||     3
       Kick              ||     2
 Cast: Shock             ||    62
       Swiftness         ||     1
  Use: Scroll            ||     4
Armor: Robe              ||     1
Dodge: Dodged            ||    14
